[Event "34th MPL National U14G-ch 2022"]
[Site "Ahmedabad"]
[Date "2022.05.09"]
[Round "1.1"]
[White "Mrittika Mallick"]
[Black "Sanivarapu Hasini"]
[Result "1-0"]
[ECO "B01"]
[WhiteElo "1982"]
[BlackElo "1222"]
[Annotator "TA"]
[PlyCount "63"]
[EventDate "2022.05.09"]
[EventType "swiss"]
[EventCountry "IND"]
[SourceTitle "playchess.com"]
[Source "ChessBase"]
[SourceQuality "1"]
[TimeControl "5400+30"]

1. e4 d5 2. exd5 Nf6 3. d4 Nxd5 4. Nf3 g6 5. Be2 Bg7 6. O-O O-O 7. c3 Bf5 {[%emt 0:06:11] [#]} 8. Qb3 $146 {[%emt 0:03:55] B01: Scandinavian Defence.} ({Predecessor:} 8. Re1 h6 9. Nbd2 c6 10. Nc4 Nd7 11. Bd3 Bxd3 12. Qxd3 Qc7 13. Bd2 Rad8 14. Qc2 c5 15. Ne3 N7f6 16. Nxd5 Nxd5 17. dxc5 Qxc5 {0-1 (52) Warnault,P (1857)-Ricter,J (2065) Nimes 2018}) 8... Nb6 9. a4 a5 10. Bf4 {[%emt 0:02:04] White is slightly better.} Nc6 11. Na3 Nd5 12. Bg3 Rb8 13. Nb5 e5 (13... Rc8 $16) 14. dxe5 $18 ({Resist} 14. Nxe5 Be6 $16) 14... Be6 (14... Nb6 $142 15. Nfd4 Be4) 15. Bc4 {[%emt 0:02:35] [#] Rfd1 is the strong threat.} Qd7 $2 (15... Nce7 16. Nfd4 c6) 16. Rad1 Rbd8 17. h4 {[%emt 0:09:53] Black must now prevent Bxd5.} Nce7 18. Bxd5 Nxd5 19. c4 Qc6 $2 (19... c6 20. Na3 (20. cxd5 Bxd5 21. Rxd5 Qxd5 $18) (20. Nc3 Nxc3 21. Rxd7 Ne2+ 22. Kh2 Rxd7 $18) 20... Qe7 21. cxd5 Rxd5) 20. Nfd4 Qb6 21. Nxe6 fxe6 22. cxd5 exd5 23. Rxd5 Qe6 24. Nxc7 Qf7 25. e6 Qe7 {[%emt 0:00:20] [#]} 26. Bd6 $1 Rxd6 27. Rxd6 Kh8 28. Rd7 {[%emt 0:00:35] White mates.} Qxh4 29. e7 Rc8 30. Qf7 h5 31. e8=Q+ Rxe8 32. Qxg7# {[%emt 0:00:07] Black did not feel at home in the position after the opening.  Weighted Error Value: White=0.09 (flawless) /Black=0.76} 1-0

[Event "34th MPL National U14G-ch 2022"]
[Site "Ahmedabad"]
[Date "2022.05.09"]
[Round "1.2"]
[White "Athira A J"]
[Black "Sachi Jain"]
[Result "0-1"]
[ECO "A84"]
[WhiteElo "1217"]
[BlackElo "1768"]
[Annotator "NA RC COMBH"]
[PlyCount "106"]
[EventDate "2022.05.09"]
[EventType "swiss"]
[EventCountry "IND"]
[SourceTitle "playchess.com"]
[Source "ChessBase"]
[SourceQuality "1"]
[TimeControl "5400+30"]

1. d4 d5 2. c4 e6 3. Nc3 f5 4. Bf4 c6 5. Nf3 Nf6 6. h3 Be7 7. e3 O-O 8. Bd3 Ne4 9. O-O Nd7 10. Qc2 Qe8 11. c5 Qh5 12. Be2 Qe8 13. Nxe4 fxe4 14. Ne5 Bf6 15. Nxd7 Bxd7 16. Qc3 Qg6 17. Kh1 Rae8 18. b4 h5 19. Qb2 Qf5 20. g4 hxg4 21. Bxg4 Qh7 22. Bg3 Rf7 23. Kg2 Bh4 24. Qe2 Ref8 25. Rab1 Rf6 26. Bh5 Rf5 27. Bxh4 Rxh5 28. Bg3 e5 29. h4 Qg6 30. Qd2 Rxh4 31. Rh1 Rxh1 32. Rxh1 Bg4 33. Rh2 Bf3+ 34. Kf1 Rf5 35. Qc1 Rh5 36. Rxh5 Qxh5 37. Ke1 exd4 38. exd4 Qh1+ 39. Kd2 e3+ 40. Kc2 Qh7+ 41. Kc3 e2 42. Qe3 Qb1 43. Qe6+ Kh8 44. Qh3+ Kg8 45. Qe6+ Kh7 46. Qh3+ Kg6 47. Qe6+ Kg5 48. Qe7+ Kh5 49. Qf7+ Kg4 50. Qf4+ Kh3 51. Qh4+ Kg2 52. Qh2+ Kf1 53. Qh3+ Bg2 0-1

[Event "34th MPL National U14G-ch 2022"]
[Site "Ahmedabad"]
[Date "2022.05.09"]
[Round "1.3"]
[White "Rout Yashita"]
[Black "Kaushal, Khushi"]
[Result "0-1"]
[ECO "C07"]
[WhiteElo "1718"]
[BlackElo "1213"]
[Annotator "NA RC COMBH"]
[PlyCount "94"]
[EventDate "2022.05.09"]
[EventType "swiss"]
[EventCountry "IND"]
[SourceTitle "playchess.com"]
[Source "ChessBase"]
[SourceQuality "1"]
[TimeControl "5400+30"]

1. e4 e6 2. d4 d5 3. Nd2 c5 4. exd5 Qxd5 5. dxc5 Bxc5 6. Ngf3 Nc6 7. Bc4 Qd6 8. O-O Nf6 9. Qe2 O-O 10. Nb3 Bb6 11. Bg5 Nd7 12. Rad1 Qc7 13. Rfe1 Nc5 14. Nbd4 Nxd4 15. Nxd4 a6 16. c3 Bd7 17. Rd2 Ne4 18. Qxe4 Qxc4 19. Qxb7 Qc7 20. Qxc7 Bxc7 21. Red1 f6 22. Be3 e5 23. Nc2 Be6 24. Nb4 Rfb8 25. Nc6 Rb7 26. b3 Kf8 27. Kf1 Ke8 28. Bc5 a5 29. Ke1 Rc8 30. Ne7 Rcb8 31. Nd5 Bd8 32. Bd6 Rc8 33. c4 a4 34. Rd3 Rc6 35. Ba3 Bf5 36. Rg3 axb3 37. Ne3 bxa2 38. Nxf5 Rb1 39. Bb2 Ba5+ 40. Ke2 Rxb2+ 41. Kf3 Rb3+ 42. Ke4 Rxc4+ 43. Kd5 Rxg3 44. Nd6+ Ke7 45. Nf5+ Kf8 46. hxg3 Ra4 47. Ne3 Ke7 0-1

[Event "34th MPL National U14G-ch 2022"]
[Site "Ahmedabad"]
[Date "2022.05.09"]
[Round "1.4"]
[White "Siya Neeraj Kushwah"]
[Black "Anupam M Sreekumar"]
[Result "0-1"]
[ECO "D36"]
[WhiteElo "1209"]
[BlackElo "1673"]
[Annotator "NA RC COMBH"]
[PlyCount "100"]
[EventDate "2022.05.09"]
[EventType "swiss"]
[EventCountry "IND"]
[SourceTitle "playchess.com"]
[Source "ChessBase"]
[SourceQuality "1"]
[TimeControl "5400+30"]

1. d4 d5 2. c4 e6 3. Nc3 Nf6 4. cxd5 exd5 5. Bg5 Be7 6. e3 c6 7. Bd3 Nbd7 8. Nge2 O-O 9. O-O Re8 10. Qc2 Nf8 11. Rae1 g6 12. f3 Ne6 13. Bh4 b6 14. e4 dxe4 15. Nxe4 Nxe4 16. Bxe7 Rxe7 17. Bxe4 Nxd4 18. Nxd4 Qxd4+ 19. Kh1 Ba6 20. Rd1 Qc4 21. Rfe1 Qxc2 22. Bxc2 Rae8 23. Rxe7 Rxe7 24. Kg1 Kg7 25. Be4 Bb5 26. Bd3 Bxd3 27. Rxd3 Re2 28. Rb3 Rc2 29. Rb4 b5 30. Rb3 a5 31. a3 f5 32. h3 g5 33. Kh2 h5 34. Kg1 Kf6 35. Kf1 Ke5 36. Re3+ Kf4 37. Re2 Rxe2 38. Kxe2 Kg3 39. Kf1 c5 40. b3 a4 41. bxa4 bxa4 42. Ke2 Kxg2 43. Kd3 Kxf3 44. Kc4 Kg3 45. Kb5 f4 46. Kxa4 f3 47. Kb3 f2 48. a4 f1=Q 49. a5 c4+ 50. Kc3 Qd3+ 0-1

[Event "34th MPL National U14G-ch 2022"]
[Site "Ahmedabad"]
[Date "2022.05.09"]
[Round "1.5"]
[White "Shubhi Gupta"]
[Black "Kavya N"]
[Result "1-0"]
[ECO "D97"]
[WhiteElo "1613"]
[BlackElo "1202"]
[Annotator "NA RC COMBH"]
[PlyCount "101"]
[EventDate "2022.05.09"]
[EventType "swiss"]
[EventCountry "IND"]
[SourceTitle "playchess.com"]
[Source "ChessBase"]
[SourceQuality "1"]
[TimeControl "5400+30"]

1. d4 Nf6 2. c4 g6 3. Nf3 Bg7 4. Nc3 d5 5. Qb3 dxc4 6. Qxc4 O-O 7. e4 e6 8. Be2 Qe7 9. Be3 Na6 10. O-O Bd7 11. Rfd1 Qb4 12. Qxb4 Nxb4 13. Bf4 Rac8 14. a3 Na6 15. Bxa6 bxa6 16. Rac1 Rfd8 17. e5 Nd5 18. Nxd5 exd5 19. Rc5 Bb5 20. Rdc1 c6 21. Nd2 f6 22. Nf3 Re8 23. exf6 Bxf6 24. Be5 Bd8 25. Rxd5 Bg5 26. Rdc5 Bxc1 27. Rxc1 Bd3 28. b4 Be4 29. Nd2 Bd5 30. Nb1 Kf7 31. Nc3 Bb3 32. Ne4 Rxe5 33. dxe5 Ke7 34. Nd6 Rc7 35. f4 Ke6 36. Kf2 Bd5 37. g3 g5 38. Ke3 gxf4+ 39. gxf4 Rg7 40. Kd4 Rg2 41. f5+ Kd7 42. Kc5 Rxh2 43. e6+ Ke7 44. Nc8+ Kf6 45. Re1 Kxf5 46. Ne7+ Kf6 47. Nxd5+ cxd5 48. e7 Rc2+ 49. Kd6 Rc8 50. e8=Q Rxe8 51. Rxe8 1-0

[Event "34th MPL National U14G-ch 2022"]
[Site "Ahmedabad"]
[Date "2022.05.09"]
[Round "1.6"]
[White "Banker Reya"]
[Black "Pragnya H G"]
[Result "0-1"]
[ECO "D78"]
[WhiteElo "1195"]
[BlackElo "1605"]
[Annotator "NA RC COMBH"]
[PlyCount "124"]
[EventDate "2022.05.09"]
[EventType "swiss"]
[EventCountry "IND"]
[SourceTitle "playchess.com"]
[Source "ChessBase"]
[SourceQuality "1"]
[TimeControl "5400+30"]

1. d4 Nf6 2. c4 e6 3. Nc3 d5 4. Nf3 c6 5. g3 g6 6. Bg2 Bg7 7. O-O O-O 8. b3 Nbd7 9. Bb2 b6 10. Qc2 Ba6 11. Nd2 Rc8 12. Rac1 c5 13. e3 dxc4 14. bxc4 cxd4 15. exd4 Bh6 16. Rfd1 Bxc4 17. Ba3 Re8 18. Rb1 Bd5 19. Nf3 Be4 20. Qb2 Bxb1 21. Rxb1 a6 22. Rd1 Qc7 23. Ne2 Qc2 24. Qxc2 Rxc2 25. Nc1 Rec8 26. Nb3 Rxa2 27. Be7 Rb2 28. Nbd2 Rcc2 29. Nf1 Rxf2 30. Bh1 a5 31. Rd3 Nd5 32. Ba3 Ra2 33. Bd6 Rxf1+ 34. Kxf1 Ne3+ 35. Kg1 Ra1+ 36. Kf2 Rf1+ 37. Ke2 Rxh1 38. Bc7 Nd5 39. Bd6 Bf8 40. Bxf8 Kxf8 41. Ne5 Rxh2+ 42. Kf3 Nxe5+ 43. dxe5 a4 44. Ra3 b5 45. Ke4 Re2+ 46. Kd4 Re3 47. Rxe3 Nxe3 48. Kxe3 a3 49. Kd4 a2 50. Kc5 a1=Q 51. Kxb5 Qc3 52. g4 Qxe5+ 53. Kc4 Qd5+ 54. Kc3 Qe4 55. g5 Ke7 56. Kd2 Qf3 57. Ke1 Qg2 58. Kd1 Kd6 59. Ke1 Ke5 60. Kd1 Kd4 61. Kc1 Kc3 62. Kb1 Qb2# 0-1

[Event "34th MPL National U14G-ch 2022"]
[Site "Ahmedabad"]
[Date "2022.05.09"]
[Round "1.7"]
[White "Rajanya Datta"]
[Black "Prapti Dholay"]
[Result "1-0"]
[ECO "C44"]
[WhiteElo "1589"]
[BlackElo "1189"]
[Annotator "NA RC COMBH"]
[PlyCount "107"]
[EventDate "2022.05.09"]
[EventType "swiss"]
[EventCountry "IND"]
[SourceTitle "playchess.com"]
[Source "ChessBase"]
[SourceQuality "1"]
[TimeControl "5400+30"]

1. e4 e5 2. Nf3 Nc6 3. c3 Bc5 4. d4 exd4 5. cxd4 Bb4+ 6. Bd2 Bxd2+ 7. Nbxd2 d5 8. e5 Bf5 9. Bb5 Nge7 10. O-O O-O 11. Qb3 Rb8 12. a3 a6 13. Bd3 Qd7 14. Rfe1 Rfe8 15. Qc3 Bxd3 16. Qxd3 Qf5 17. Qc3 Ng6 18. Nf1 Nf4 19. Qd2 Ne6 20. Rad1 h6 21. Ng3 Qg6 22. b4 Ne7 23. Qc3 c6 24. a4 Nf5 25. Qb2 Rec8 26. Qd2 Rd8 27. Rb1 Re8 28. Rb3 Qg4 29. Rd1 b6 30. Qd3 a5 31. Qxf5 Qxf5 32. Nxf5 axb4 33. Rxb4 c5 34. dxc5 bxc5 35. Rxb8 Rxb8 36. Ne7+ Kf8 37. Nxd5 Ke8 38. h3 Rb2 39. Ra1 Kd7 40. a5 Kc6 41. Ne3 Nc7 42. a6 Rb8 43. Nf5 Ne6 44. Nd2 Ra8 45. Nc4 Kb5 46. Nfd6+ Kc6 47. Nxf7 Nc7 48. a7 Nb5 49. Ra6+ Kc7 50. Nfd6 Nxa7 51. Rxa7+ Rxa7 52. Nb5+ Kb7 53. Nxa7 Kxa7 54. e6 1-0

[Event "34th MPL National U14G-ch 2022"]
[Site "Ahmedabad"]
[Date "2022.05.09"]
[Round "1.8"]
[White "Saanvi Agarwal"]
[Black "Dakshita Kumawat"]
[Result "0-1"]
[ECO "C01"]
[WhiteElo "1176"]
[BlackElo "1575"]
[Annotator "NA RC COMBH"]
[PlyCount "106"]
[EventDate "2022.05.09"]
[EventType "swiss"]
[EventCountry "IND"]
[SourceTitle "playchess.com"]
[Source "ChessBase"]
[SourceQuality "1"]
[TimeControl "5400+30"]

1. e4 e6 2. d4 d5 3. exd5 exd5 4. c4 Nf6 5. Nc3 Bb4 6. Bg5 O-O 7. Be2 Re8 8. Nf3 dxc4 9. O-O Be6 10. Bxf6 Qxf6 11. Qa4 Qe7 12. Bxc4 Bxc3 13. bxc3 Nd7 14. Bxe6 Qxe6 15. Rfe1 Nb6 16. Qb3 Qxb3 17. axb3 Rxe1+ 18. Rxe1 Kf8 19. Re5 a5 20. g3 c6 21. Re1 f6 22. Nd2 Nd5 23. Ne4 b5 24. c4 Ne7 25. cxb5 cxb5 26. Nd6 Nc6 27. Nxb5 Rb8 28. Nd6 Nxd4 29. Rb1 Nxb3 30. Ne4 Rb4 31. Nc3 Ke8 32. f4 Kd7 33. Kf2 Kc6 34. Rb2 Kc5 35. Ke3 Rb7 36. Ne4+ Kd5 37. g4 Rb4 38. Nc3+ Kc4 39. Rc2 Nd4 40. Rc1 Rb3 41. Ke4 Rxc3 42. Ra1 Nb3 43. Ra4+ Kb5 44. Ra2 a4 45. g5 fxg5 46. fxg5 Kb4 47. Kf5 Nc5 48. g6 hxg6+ 49. Kxg6 Kb3 50. Re2 a3 51. Re8 a2 52. Rb8+ Ka3 53. Ra8+ Na4 0-1

[Event "34th MPL National U14G-ch 2022"]
[Site "Ahmedabad"]
[Date "2022.05.09"]
[Round "2.1"]
[White "Ananya Raman"]
[Black "Mrittika Mallick"]
[Result "0-1"]
[ECO "B90"]
[WhiteElo "1305"]
[BlackElo "1982"]
[Annotator "TA"]
[PlyCount "108"]
[EventDate "2022.05.09"]
[EventType "swiss"]
[EventCountry "IND"]
[SourceTitle "playchess.com"]
[Source "ChessBase"]
[SourceQuality "1"]
[TimeControl "5400+30"]

1. e4 c5 2. Nf3 d6 3. d4 cxd4 4. Nxd4 Nf6 5. Nc3 a6 6. Be3 e5 7. Nb3 Be7 8. f3 b5 {[%emt 0:01:38] B90: Sicilian Najdorf: Unusual White 6th moves, 6 Be3 Ng4 and 6 Be3 e5.} (8... Be6 $11) 9. Nd5 $16 Nbd7 10. Nxe7 Kxe7 {[%emt 0:05:45] [#] White is better.} 11. Qd2 $146 ({Predecessor:} 11. Rc1 Re8 12. c4 bxc4 13. Bxc4 a5 14. Qd3 a4 15. Nd2 Nc5 16. Qa3 Kf8 17. O-O {1-0 (29) Miras Garcia,E (2507)-Balabanov,V (2452) ICCF email 2013}) 11... Qc7 (11... Nb6 $16) 12. O-O-O (12. c4 $18 {and White stays clearly on top.}) 12... Rd8 (12... Nb6 $16) 13. g4 (13. Qa5 $1 $18 Qb8 14. Be2) 13... Nf8 (13... Nb6 $14) 14. g5 Nh5 15. Qf2 (15. Qa5 $142 $1 Qc6 16. Nc5 $1) 15... Rb8 16. f4 Nxf4 17. Bxf4 exf4 18. Qxf4 Ng6 {[%emt 0:01:39] Prevents Qh4.} 19. Qe3 Kf8 20. Nd4 (20. h4 $14) 20... Kg8 21. Nf5 Be6 22. Kb1 Rbc8 (22... d5 $15 23. Bd3 dxe4 24. Bxe4 Rxd1+ 25. Rxd1 Bxf5 26. Bxf5 Qxh2) 23. Bd3 $11 Qc5 24. h4 Qe5 25. Qf3 {[%emt 0:03:27] aiming for h5.} Re8 26. Qf2 Nf4 27. Rhf1 Nxd3 28. Rxd3 {[%emt 0:00:11] [#]} (28. cxd3 $11 {was the only way to keep the balance.} d5 29. Qf4 Qxf4 30. Rxf4 Bxf5 31. exf5) 28... d5 (28... Bc4 $1 $17 {Hoping for ...d5.} 29. h5 d5 30. Rxd5 Bxd5 31. exd5 Qxd5) 29. Rdd1 (29. Re1 $11 {keeps the balance.}) 29... dxe4 $17 {[%emt 0:03:06][%cal Bd5e4,Be4e3][%mdl 32] Black converts the advantage convincingly.} 30. Nd6 (30. Ne3 $17 {is a better defense.}) 30... e3 $19 31. Qe2 Bc4 {[%emt 0:02:46] Really sharp!} 32. Nxc4 Rxc4 $40 {[%emt 0:00:48][%mdl 128] Black goes for the king.} ({Stronger than} 32... bxc4 33. Rd7 $17) 33. Rd7 $2 (33. Qf3 Qe6 34. Rde1) 33... Rf4 {[%emt 0:00:39] ...Rxf1+ is the strong threat.} ({Wrong is} 33... Rb4 $2 34. b3 Rf4 35. Re1 $19) 34. Re1 Rf2 ({Don't go for} 34... Rb4 $2 35. b3 g6 36. Rd3 $19) 35. Qd3 g6 36. a3 e2 37. Rd8 (37. Rd5 $142 Qc7 38. c3) 37... Rxd8 38. Qxd8+ {[%emt 0:00:08][%mdl 4096] Endgame KQR-KQR} Kg7 39. Qd3 h6 40. c3 hxg5 41. hxg5 Qf5 42. Qxf5 (42. Kc2 $19 Qxg5 43. Qe4) 42... gxf5 {[%emt 0:00:19] KR-KR} 43. Kc2 f4 44. Kd2 f3 45. b3 Rf1 46. c4 bxc4 47. bxc4 f2 48. Rxe2 {[%emt 0:00:27] [#]} Rd1+ $1 49. Kxd1 f1=Q+ 50. Kd2 Qf4+ (50... Qf5 $142 51. Re3 Qxg5 52. Ke2 Qg6 53. a4 Qc2+ 54. Ke1 Qxc4 55. Rg3+ Kf6 56. Rf3+ Ke5 57. a5 Qc5 58. Kf1 Qxa5 59. Rf2 Qa1+ 60. Kg2 Qd4 61. Rf3 f5 62. Rf1 Qe4+ 63. Kh3 Qd3+ 64. Kg2 Qe4+ 65. Kh3 Qg4+ 66. Kh2 Qe2+ 67. Kg1 Qe4 68. Kh2 Qe2+ 69. Kg1 Qe4 70. Kh2 Qe2+) 51. Kd3 Qxg5 {[%emt 0:00:07] ( -> ...f5)} 52. Kd4 Qg1+ 53. Kc3 Qc5 54. Kb3 f5 {[%emt 0:00:12] Weighted Error Value: White=0.77/Black=0.43} 0-1

[Event "34th MPL National U14G-ch 2022"]
[Site "Ahmedabad"]
[Date "2022.05.09"]
[Round "2.2"]
[White "Sachi Jain"]
[Black "Krishika Garg"]
[Result "1-0"]
[ECO "B18"]
[WhiteElo "1768"]
[BlackElo "1318"]
[Annotator "NA RC COMBH"]
[PlyCount "55"]
[EventDate "2022.05.09"]
[EventType "swiss"]
[EventCountry "IND"]
[SourceTitle "playchess.com"]
[Source "ChessBase"]
[SourceQuality "1"]
[TimeControl "5400+30"]

1. e4 c6 2. d4 d5 3. Nc3 dxe4 4. Nxe4 Bf5 5. Ng3 Bg6 6. Bc4 e6 7. N1e2 Nf6 8. O-O Bd6 9. f4 Qc7 10. f5 Bxf5 11. Nxf5 exf5 12. Rxf5 Nbd7 13. Nf4 Nb6 14. Bb3 O-O-O 15. Qf3 Qe7 16. Nd3 Qc7 17. Ne5 Bxe5 18. dxe5 Nfd5 19. Bg5 Rd7 20. e6 fxe6 21. Rf8+ Rxf8 22. Qxf8+ Rd8 23. Bxd8 Qxd8 24. Qxg7 Qd7 25. Qg8+ Qd8 26. Qxe6+ Qd7 27. Qg8+ Qd8 28. Qxh7 1-0

[Event "34th MPL National U14G-ch 2022"]
[Site "Ahmedabad"]
[Date "2022.05.09"]
[Round "2.3"]
[White "Anupam M Sreekumar"]
[Black "Shivani Senthilkumar"]
[Result "1-0"]
[ECO "C00"]
[WhiteElo "1673"]
[BlackElo "1303"]
[Annotator "NA RC COMBH"]
[PlyCount "117"]
[EventDate "2022.05.09"]
[EventType "swiss"]
[EventCountry "IND"]
[SourceTitle "playchess.com"]
[Source "ChessBase"]
[SourceQuality "1"]
[TimeControl "5400+30"]

1. e4 e6 2. d3 d5 3. Nd2 Nf6 4. Ngf3 c5 5. g3 Nc6 6. Bg2 Be7 7. O-O O-O 8. c3 b5 9. Qc2 Bb7 10. Re1 Qc7 11. Nf1 dxe4 12. dxe4 Bd6 13. Qe2 Nd7 14. Qxb5 a6 15. Qe2 a5 16. Be3 Ba6 17. Qc2 Rab8 18. Rad1 Nde5 19. Nxe5 Nxe5 20. f4 Nd3 21. Rxd3 Bxd3 22. Qxd3 Rxb2 23. Nd2 Rbb8 24. e5 Be7 25. Qc4 Rfc8 26. Ne4 Qb6 27. h3 g6 28. Rd1 Rd8 29. Rxd8+ Rxd8 30. Bxc5 Bxc5+ 31. Qxc5 Rd1+ 32. Kh2 Qxc5 33. Nxc5 Rc1 34. a4 Rxc3 35. Nb7 Rc4 36. Nxa5 Rxa4 37. Nb7 Kg7 38. Nc5 Rc4 39. Ne4 Rc1 40. g4 h6 41. Kg3 Ra1 42. Nd6 Ra3+ 43. Bf3 Ra2 44. f5 gxf5 45. gxf5 exf5 46. Nxf5+ Kh7 47. Be4 Ra3+ 48. Kg4 Ra4 49. Nd6+ Kg7 50. Kf5 Ra1 51. Bd5 Rf1+ 52. Kg4 Rg1+ 53. Kf3 Rd1 54. Bxf7 Rd3+ 55. Kg4 Kf8 56. Bc4 Re3 57. e6 Rc3 58. Kf4 Rxh3 59. Nf5 1-0

[Event "34th MPL National U14G-ch 2022"]
[Site "Ahmedabad"]
[Date "2022.05.09"]
[Round "2.4"]
[White "Siyona Judith C"]
[Black "Shubhi Gupta"]
[Result "0-1"]
[ECO "D37"]
[WhiteElo "1300"]
[BlackElo "1613"]
[Annotator "NA RC COMBH"]
[PlyCount "110"]
[EventDate "2022.05.09"]
[EventType "swiss"]
[EventCountry "IND"]
[SourceTitle "playchess.com"]
[Source "ChessBase"]
[SourceQuality "1"]
[TimeControl "5400+30"]

1. d4 d5 2. c4 e6 3. Nf3 Nf6 4. e3 Be7 5. Nc3 O-O 6. Bd2 c5 7. Bd3 Nc6 8. cxd5 exd5 9. O-O Bg4 10. dxc5 Bxc5 11. Na4 Bd6 12. Be2 Ne4 13. Nc3 Bxf3 14. Bxf3 Nxd2 15. Qxd2 d4 16. Nb5 Bb4 17. Qd3 dxe3 18. Qxe3 Re8 19. Qf4 Qe7 20. a3 Ba5 21. b4 Bb6 22. Rad1 a6 23. Nd6 Bc7 24. Qd2 Red8 25. Nf5 Qe5 26. Nh6+ gxh6 27. Qxh6 Rxd1 28. Rxd1 Qf4 29. Qh5 Rd8 30. Re1 Ne5 31. Be4 Ng6 32. g3 Qd2 33. Rf1 b5 34. Qc5 Qd6 35. Qc2 Bb6 36. Qb1 Qf6 37. Qc2 Re8 38. Bd3 Kg7 39. a4 Ne5 40. Be2 Nf3+ 41. Bxf3 Qxf3 42. Qb2+ Qf6 43. Qc2 Re5 44. a5 Ba7 45. Qd1 Rf5 46. Qg4+ Kf8 47. Qe2 Qe6 48. Qd2 Rh5 49. Qd8+ Kg7 50. h4 Rf5 51. Qd1 Qg6 52. Qa1+ Kg8 53. Qc3 Qg4 54. Qc8+ Kg7 55. Qc3+ Bd4 0-1

[Event "34th MPL National U14G-ch 2022"]
[Site "Ahmedabad"]
[Date "2022.05.09"]
[Round "2.5"]
[White "Pragnya H G"]
[Black "Nivedita V C"]
[Result "1/2-1/2"]
[ECO "C54"]
[WhiteElo "1605"]
[BlackElo "1296"]
[Annotator "NA RC COMBH"]
[PlyCount "93"]
[EventDate "2022.05.09"]
[EventType "swiss"]
[EventCountry "IND"]
[SourceTitle "playchess.com"]
[Source "ChessBase"]
[SourceQuality "1"]
[TimeControl "5400+30"]

1. e4 e5 2. Nf3 Nc6 3. Bc4 Bc5 4. c3 Qe7 5. O-O Nf6 6. d3 d6 7. Bb3 Be6 8. Bc2 d5 9. exd5 Bxd5 10. Re1 O-O 11. d4 Bxf3 12. Qxf3 Bd6 13. Bg5 h6 14. Bh4 Rae8 15. Nd2 g5 16. Bg3 Qd8 17. Qf5 Re6 18. Bb3 Ne7 19. Qc2 Nfd5 20. dxe5 Bc5 21. Ne4 Bb6 22. Rad1 c6 23. c4 Nb4 24. Rxd8 Nxc2 25. Rxf8+ Kxf8 26. Bxc2 Ng6 27. Nd6 Bc7 28. Bf5 Re7 29. Bxg6 Bxd6 30. f4 Bb4 31. Bf5 gxf4 32. Re2 fxg3 33. hxg3 Bd6 34. Kf2 Bxe5 35. b3 Bxg3+ 36. Kf3 Rxe2 37. Kxe2 Ke7 38. c5 Kf6 39. Bc8 b6 40. cxb6 axb6 41. Bb7 c5 42. Kd3 b5 43. a4 c4+ 44. Kc2 cxb3+ 45. Kxb3 bxa4+ 46. Kxa4 Ke5 47. Kb3 1/2-1/2

[Event "34th MPL National U14G-ch 2022"]
[Site "Ahmedabad"]
[Date "2022.05.09"]
[Round "2.6"]
[White "Arushi Srichandan"]
[Black "Rajanya Datta"]
[Result "1-0"]
[ECO "C80"]
[WhiteElo "1292"]
[BlackElo "1589"]
[Annotator "NA RC COMBH"]
[PlyCount "105"]
[EventDate "2022.05.09"]
[EventType "swiss"]
[EventCountry "IND"]
[SourceTitle "playchess.com"]
[Source "ChessBase"]
[SourceQuality "1"]
[TimeControl "5400+30"]

1. e4 e5 2. Nf3 Nc6 3. Bb5 a6 4. Ba4 Nf6 5. O-O Nxe4 6. Re1 Nc5 7. Nxe5 Nxe5 8. Rxe5+ Ne6 9. d4 Bd6 10. Re4 O-O 11. c3 b5 12. Bb3 Bb7 13. Re1 Qh4 14. h3 Nf4 15. Bxf4 Qxf4 16. g3 Qh6 17. Kh2 Qf6 18. Kg1 Qh6 19. Kh2 Kh8 20. d5 f5 21. f4 Bxf4 22. gxf4 Qxf4+ 23. Kh1 Qg3 24. Qe2 Qxh3+ 25. Qh2 Qd3 26. Qd2 Qg3 27. Rg1 Qd6 28. Qg2 Qe7 29. Nd2 Rf6 30. Rge1 Rh6+ 31. Kg1 Qd6 32. Qe2 Qg6+ 33. Qg2 Qh5 34. Kf2 Rg6 35. Qh1 Qg5 36. Re2 Qg3+ 37. Kf1 c6 38. Rae1 Rf8 39. Re8 Qd3+ 40. R8e2 Rg3 41. Kf2 Rh3 42. Qg2 f4 43. Nf3 Rg3 44. Qh1 c5 45. Bc2 Rxf3+ 46. Qxf3 Qxf3+ 47. Kxf3 Bxd5+ 48. Kf2 Bxa2 49. Re8 Kg8 50. Bxh7+ Kf7 51. Bg6+ Kg8 52. Rxf8+ Kxf8 53. Re8# 1-0

[Event "34th MPL National U14G-ch 2022"]
[Site "Ahmedabad"]
[Date "2022.05.09"]
[Round "2.7"]
[White "Dakshita Kumawat"]
[Black "Lakshanaa R"]
[Result "1/2-1/2"]
[ECO "D02"]
[WhiteElo "1575"]
[BlackElo "1290"]
[Annotator "NA RC COMBH"]
[PlyCount "68"]
[EventDate "2022.05.09"]
[EventType "swiss"]
[EventCountry "IND"]
[SourceTitle "playchess.com"]
[Source "ChessBase"]
[SourceQuality "1"]
[TimeControl "5400+30"]

1. d4 Nf6 2. Bf4 e6 3. e3 c5 4. c3 Nc6 5. Nf3 d5 6. Nbd2 Bd6 7. Bg3 cxd4 8. exd4 Qc7 9. Bd3 O-O 10. O-O Bxg3 11. hxg3 e5 12. dxe5 Nxe5 13. Nxe5 Qxe5 14. Re1 Qd6 15. Qc2 Bd7 16. Nf3 h6 17. Nd4 Rfe8 18. Qd2 Rac8 19. Qf4 Qxf4 20. gxf4 Ne4 21. Bxe4 dxe4 22. f3 exf3 23. Nxf3 Rxe1+ 24. Rxe1 Re8 25. Rxe8+ Bxe8 26. c4 Kf8 27. Kf2 Ke7 28. Ke3 Bc6 29. Ne1 Kd6 30. b3 b5 31. cxb5 Bxb5 32. Nc2 Kd5 33. Nd4 Bd7 34. a3 a5 1/2-1/2

[Event "34th MPL National U14G-ch 2022"]
[Site "Ahmedabad"]
[Date "2022.05.09"]
[Round "2.8"]
[White "Sneha Halder"]
[Black "Olivia Biswas"]
[Result "1-0"]
[ECO "A06"]
[WhiteElo "1557"]
[BlackElo "1288"]
[Annotator "NA RC COMBH"]
[PlyCount "70"]
[EventDate "2022.05.09"]
[EventType "swiss"]
[EventCountry "IND"]
[SourceTitle "playchess.com"]
[Source "ChessBase"]
[SourceQuality "1"]
[TimeControl "5400+30"]

1. Nf3 Nf6 2. b3 d5 3. Bb2 g6 4. h3 Bg7 5. g4 h6 6. e3 Nbd7 7. Nc3 Nc5 8. Bg2 c6 9. d3 Qc7 10. Ne2 Bd7 11. a4 O-O 12. Be5 Qa5+ 13. Qd2 Qxd2+ 14. Nxd2 Ne8 15. f4 Nd6 16. Bxg7 Kxg7 17. e4 dxe4 18. dxe4 f5 19. gxf5 gxf5 20. e5 Nde4 21. b4 Nxd2 22. Kxd2 Ne6 23. Ke3 Nc7 24. c4 Be6 25. Rac1 Na6 26. Nd4 Kf7 27. Bf3 Bd7 28. Rhg1 e6 29. Bh5+ Ke7 30. Rg7+ Kd8 31. Rd1 Kc8 32. Nxf5 Rxf5 33. Rgxd7 Rxh5 34. Rd8+ Kc7 35. R1d7+ Kb6 1-0